 Dungeon Crawl Stone Soup version 0.28.0 (webtiles) character file.

Game seed: 10235863313375791355

249 dolemite99 the Chopper (level 5, 0/41 HPs)
             Began as a Demonspawn Berserker on Feb 6, 2022.
             Was a Follower of Trog.
             Slain by a gnoll (2 damage)
             ... on level 4 of the Dungeon.
             The game lasted 00:04:01 (2416 turns).

dolemite99 the Chopper (Demonspawn Berserker)       Turns: 2416, Time: 00:04:02

Health: 0/41       AC:  8    Str: 19    XL:     5   Next: 87%
Magic:  5/5        EV: 10    Int:  9    God:    Trog [*.....]
Gold:   68         SH:  0    Dex: 12    Spells: 4/4 levels left

rFire   + . .      SeeInvis .   a - +2 hand axe (elec)
rCold   + . .      Faith    .   (no shield)
rNeg    . . .      Spirit   .   k - +0 scale mail
rPois   +          Reflect  .   (no helmet)
rElec   +          Harm     .   (no cloak)
rCorr   +          Rampage  .   l - +0 pair of gloves
Will    .....                   h - +0 pair of boots
Stlth   ..........              (no amulet)
HPRegen 0.13/turn               (no ring)
MPRegen 0.09/turn               (no ring)

@: resistant, attractive
A: demonic touch 2
a: Renounce Religion, Berserk


You were on level 4 of the Dungeon.
You worshipped Trog.
Trog was aware of your devotion.
You visited 1 branch of the dungeon, and saw 4 of its levels.

You collected 68 gold pieces.

Inventory:

Hand Weapons
 a - a +2 hand axe of electrocution (weapon)
 b - a +0 lajatang
 f - a +0 hunting sling
 j - a +0 morningstar
 q - a +0 lajatang
 r - a +0 hand axe
 u - a +3 flail of draining
 v - a +0 war axe
Missiles
 c - 17 bolts
 t - 3 poisoned darts (quivered)
Armour
 h - a +0 pair of boots (worn)
 k - a +0 scale mail (worn)
 l - a +0 pair of gloves (worn)
Jewellery
 g - a ring of flight
Scrolls
 e - a scroll of teleportation
 p - a scroll of fog {unknown}
Potions
 m - a potion of lignification {unknown}
 o - a potion of berserk rage {unknown}
 s - 2 potions of mutation {unknown}


   Skills:
 - Level 3.0 Fighting
 + Level 6.1 Axes
 - Level 1.7 Armour
 - Level 1.7 Dodging


You had 4 spell levels left.
You didn't know any spells.
Your spell library was empty.

Dungeon Overview and Level Annotations

Branches:
Dungeon (4/15)
 Temple: D:4-7

Altars:

Shops:
D:1 [

Annotations:
D:3 exclusion: 2 doors


Innate Abilities, Weirdness & Mutations

Your touch may inflict irresistible damage on your foes.


Message History

The gnoll closely misses you.
You hit the gnoll shaman.
You touch the gnoll shaman.
You kill the gnoll shaman!
Trog accepts your kill.
The gnoll hits you from afar with a +0 spear.
The gnoll hits you from afar with a +0 spear!
Your Axes skill increases to level 6!
It was a potion of curing.
You feel better.
The gnoll hits you from afar with a +0 spear.
The gnoll closely misses you. The gnoll hits you but does no damage.
The gnoll hits you from afar with a +0 spear.
You feel yourself speed up.
The gnoll hits you from afar with a +0 spear.
* * * LOW HITPOINT WARNING * * *
You feel better.
The gnoll hits you from afar with a +0 spear.
The gnoll hits you but does no damage. The gnoll barely misses you.
The gnoll hits you from afar with a +0 spear.
You recover from your berserk rage.
You are no longer glowing.
The gnoll barely misses you.
The gnoll hits you from afar with a +0 spear.
* * * LOW HITPOINT WARNING * * *
The gnoll hits you from afar with a +0 spear.
* * * LOW HITPOINT WARNING * * *
The gnoll barely misses you. The gnoll hits you but does no damage.
The gnoll barely misses you.
It was a potion of resistance.
You feel protected.
The gnoll hits you from afar with a +0 spear!
* * * LOW HITPOINT WARNING * * *
The gnoll barely misses you.
Okay, then.
It was a potion of attraction.
You feel attractive to monsters.
The gnoll hits you from afar with a +0 spear.
You die...

#####.....#######.......
......###...............
........................
.....##.#.....##........
..... #.####.....##..##.
.....##g####....####.##.
#......gg..#.#..........
#.##.......#.##.#...#.#.
#......@####.##.+.......
#.#.....# ..####...##..
#.......# ....#.#..
####....+ .....#..<.
#....# ......#.#..
###### ##.#....#.. #..
### + . .


You could see 3 gnolls.

Vanquished Creatures
  Edmund (D:4)
  A gnoll shaman (D:4)
  Terence (D:2)
  An orc wizard (D:3)
  A hound skeleton (D:3)
  2 adders (D:2)
  A dart slug (D:1)
  3 orcs
  5 endoplasms
  3 goblins
  A hobgoblin (D:3)
  2 kobolds
  2 ball pythons (D:3)
  2 bats (D:1)
  A frilled lizard (D:2)
  3 rats
30 creatures vanquished.

Notes
Turn   | Place    | Note
-------+----------+-------------------------------------------
     0 | D:1      | dolemite99 the Demonspawn Berserker began the quest for the
                  | Orb.
     0 | D:1      | Reached XP level 1. HP: 18/18 MP: 1/1
   133 | D:1      | Found Uwni Dat's Armour Shoppe.
   292 | D:1      | Reached skill level 3 in Axes
   883 | D:1      | Gained mutation: Your touch may inflict minor irresistible
                  | damage on your foes. [demonic ancestry]
   883 | D:1      | Reached XP level 2. HP: 21/24 MP: 2/2
   941 | D:2      | Found a faded altar of an unknown god.
   941 | D:2      | Noticed Terence
   950 | D:2      | Killed Terence
   951 | D:2      | Reached XP level 3. HP: 27/29 MP: 3/3
  1073 | D:2      | Reached skill level 4 in Axes
  1733 | D:3      | Reached XP level 4. HP: 35/35 MP: 4/4
  2356 | D:4      | Noticed Edmund
  2358 | D:4      | Reached skill level 5 in Axes
  2368 | D:4      | Killed Edmund
  2369 | D:4      | Gained mutation: Your touch may inflict irresistible damage
                  | on your foes. [demonic ancestry]
  2369 | D:4      | Reached XP level 5. HP: 41/41 MP: 5/5
  2394 | D:4      | Reached skill level 6 in Axes
  2415 | D:4      | HP: 2/41 [gnoll (8)]
  2416 | D:4      | Slain by a gnoll

Illustrated notes

Levels and vault maps discovered:
D:1:      psy_arrival_radial01, layout_basic, serial_shops, shop
D:2:      layout_basic, serial_corexii_hall, chequers_hall_statues_corner_a,
          chequers_hall_statues_y, hellmonk_ecumenical_altar_heavens_door,
          uniq_terence
D:3:      layout_basic, minmay_misc_feat_x, minmay_crystal_room,
          minmay_goblin_outpost
D:4:      layout_basic, zin_scriptorium, uniq_edmund

Skill      XL: |  1  2  3  4  5 |
---------------+----------------+-----
Axes           | 3 4 5 6 |  6.1
Fighting       | |  3.0
Armour         | |  1.7
Dodging        | |  1.7

Action                   |  1- 3 |  4- 6 || total
-------------------------+-------+-------++-------
Melee: Hand axe          |    33 |    13 ||    46
       Touch             |     5 |     8 ||    13
       War axe           |       |    19 ||    19
       Punch             |       |     1 ||     1
Invok: Berserk           |     2 |     1 ||     3
  Use: Scroll            |     2 |       ||     2
       Potion            |       |     4 ||     4
 Stab: Sleeping          |     1 |       ||     1
Armor: Leather armour    |     8 |       ||     8
       Scale mail        |     8 |    21 ||    29
Dodge: Dodged            |    13 |    27 ||    40
